 Dungeon Crawl Stone Soup version 0.23.0-38-g208d714 (webtiles) character file.

Game seed: 13327699692839926920

27 Lanoc the Skirmisher (level 2, -2/24 HPs)
             Began as a Mummy Berserker on Feb 27, 2019.
             Was a Follower of Trog.
             Slain by a goblin
             ... wielding a +0 club
              (6 damage)
             ... on level 2 of the Dungeon.
             The game lasted 00:01:12 (606 turns).

Lanoc the Skirmisher (Mummy Berserker)               Turns: 606, Time: 00:01:12

Health: -2/24      AC:  2    Str: 20    XL:     2   Next: 93%
Magic:  2/2        EV: 12    Int:  6    God:    Trog [*.....]
Gold:   76         SH:  0    Dex: 11    Spells: 1/1 levels left

rFire    . . .     SeeInvis .   a - +0 falchion
rCold    + . .     Gourm    .   (no shield)
rNeg     + + +     Faith    .   b - +0 animal skin
rPois    ∞         Spirit   .   (no helmet)
rElec    .         Reflect  .   (no cloak)
rCorr    .         Harm     .   (no gloves)
MR       .....                  (no boots)
Stlth    +.........             (no amulet)
HPRegen  0.08/turn              g - ring of protection from fire
MPRegen  0.08/turn              (no ring)

@: no status effects
A: no food or potions, fire vulnerability, cold resistance 1, negative energy
resistance 3, torment resistance, unbreathing
a: Renounce Religion


You were on level 2 of the Dungeon.
You worshipped Trog.
Trog was aware of your devotion.
You were not hungry.

You visited 1 branch of the dungeon, and saw 2 of its levels.

You collected 76 gold pieces.

Inventory:

Hand Weapons
 a - a +0 falchion (weapon)
Armour
 b - a +0 animal skin (worn)
Jewellery
 g - a ring of protection from fire (left hand)
Scrolls
 c - a scroll of amnesia {unknown}
 d - a scroll of enchant armour {unknown}
 e - a scroll of remove curse {unknown}
 f - 2 scrolls of teleportation {unknown}
 h - a scroll of identify {unknown}
 i - a scroll of enchant weapon {unknown}
 j - a scroll of blinking {unknown}


   Skills:
 + Level 3.2 Fighting
 * Level 2.9 Long Blades
 + Level 1.9 Armour
 + Level 1.9 Dodging


You had one spell level left.
You didn't know any spells.
Your spell library was empty.

Dungeon Overview and Level Annotations

Branches:
Dungeon (2/15)

Altars:
Gozag
Okawaru
Uskayaw


Innate Abilities, Weirdness & Mutations

You do not eat or drink.
Your flesh is vulnerable to fire.
You are immune to poison.
Your flesh is cold resistant. (rC+)
You are immune to negative energy. (rN+++)
You are immune to unholy pain and torment.
You can survive without breathing.


Message History

You closely miss the goblin.
The goblin unwields a +0 hunting sling.
The goblin hits you.
* * * LOW HITPOINT WARNING * * *
You hit the goblin.
The goblin is severely wounded.
The goblin misses you.
You riposte.
You closely miss the goblin.
The goblin is severely wounded.
You barely miss the goblin.
The goblin is severely wounded.
The goblin hits you.
* * * LOW HITPOINT WARNING * * *
You closely miss the goblin.
The goblin is severely wounded.
The goblin closely misses you.
You slash the goblin!
You kill the goblin!
Trog accepts your kill. The goblin hits you but does no damage.
You closely miss the goblin. The goblin hits you with a +0 club.
You die...

####†.###### #.#†##.#
.###........# ##.#.##.#
..##........# #.......#
..##........# #.......#
#.##........# #.##.##.#
............# #>...##.#
#.###..[....###..####.#
......................#
#..##..####.##.#@######
#..##.......##.#g##
..<.##.#####......#
#...##.#.###.#.##.#
#...##..#......#..## ####
.......#..##.#.....##...####
###.####..##.#.._..#........
#..........#..8.(((.....#
######..####.._...........


You could see a goblin.

Vanquished Creatures
  An adder (D:2)
  A worm (D:2)
  A bat zombie (D:1)
  A goblin (D:2)
  A hobgoblin (D:2)
  2 jackals (D:1)
  A ball python (D:1)
  4 bats
  A quokka zombie (D:1)
  4 rats
17 creatures vanquished.

Notes
Turn   | Place    | Note
-------+----------+-------------------------------------------
     0 | D:1      | Lanoc the Mummy Berserker began the quest for the Orb.
     0 | D:1      | Reached XP level 1. HP: 18/18 MP: 1/1
   440 | D:2      | Reached XP level 2. HP: 24/24 MP: 2/2
   512 | D:2      | Found an opulent altar of Gozag.
   564 | D:2      | Found a hide-covered altar of Uskayaw.
   565 | D:2      | Found an iron altar of Okawaru.
   606 | D:2      | Slain by a goblin

Action                   || total
-------------------------++-------
Melee: Falchion          ||    60
 Stab: Sleeping          ||     1
Armor: Animal skin       ||    17
Dodge: Dodged            ||    57
       Rpst.: Falchion   ||    16
